 Dungeon Crawl Stone Soup version 0.21-a0-529-g8c7b3f5 (webtiles) character file.

72 Gerstahl the Skirmisher (level 4, 0/37 HPs)
             Began as a Demonspawn Monk on Dec 10, 2017.
             Succumbed to a gnoll's poison
             ... on level 2 of the Dungeon.
             The game lasted 00:01:50 (1162 turns).

Gerstahl the Skirmisher (Demonspawn Monk)           Turns: 1162, Time: 00:01:51

Health: 0/37       AC:  5    Str: 12    XL:     4   Next: 7%
Magic:  4/4        EV: 13    Int: 11    God:
Gold:   42         SH:  0    Dex: 16    Spells: 3/3 levels left

rFire    . . .     SeeInvis .   a - +0 falchion
rCold    . . .     Gourm    .   (no shield)
rNeg     . . .     Faith    .   m - +0 leather armour
rPois    .         Spirit   +   (no helmet)
rElec    .         Reflect  .   (no cloak)
rCorr    .         Harm     .   (no gloves)
MR       .....                  (no boots)
Stlth    ++........             (no amulet)
HPRegen  0.12/turn              (no ring)
MPRegen  0.09/turn              (no ring)

@: lethally poisoned (0 -> -21), hasted, very quick
A: molten scales 1, magic shield
a: no special abilities


You were on level 2 of the Dungeon.
You were not hungry.

You visited 1 branch of the dungeon, and saw 2 of its levels.

You collected 42 gold pieces.

Inventory:

Hand Weapons
 a - a +0 falchion (weapon)
Armour
 b - a +0 robe
 m - a +0 leather armour (worn)
Scrolls
 f - 2 scrolls of identify {unknown}
 g - a scroll of remove curse {unknown}
 h - 2 scrolls of teleportation {unknown}
 i - a scroll of blinking {unknown}
 l - a scroll of fear {unknown}
 o - a scroll of random uselessness {unknown}
Potions
 n - a potion of flight {unknown}
Comestibles
 c - 2 bread rations
 j - 4 fruits
 k - 4 chunks of flesh


   Skills:
 + Level 3.7 Fighting
 + Level 3.4 Long Blades
 + Level 3.3 Dodging
 - Level 1.7 Stealth


You had 3 spell levels left.
You didn't know any spells.

Dungeon Overview and Level Annotations

Branches:
Dungeon (2/15)

Altars:


Innate Abilities, Weirdness & Mutations

You are partially covered in molten scales. (AC +2)
When hurt, damage is shared between your health and your magic reserves.


Message History

You hit the gnoll but do no damage.
The gnoll is almost dead.
* * * LOW HITPOINT WARNING * * *
You feel sick.
The giant cockroach bites you but does no damage.
The gnoll misses you.
You hit the gnoll.
You kill the gnoll!
You have reached level 4!
You feel stronger.
Your demonic ancestry asserts itself...
You feel your magical essence form a protective shroud around your flesh.
* * * LOW HITPOINT WARNING * * *
You feel sick. The giant cockroach closely misses you.
The giant cockroach barely misses you.
You slash the giant cockroach!
You kill the giant cockroach!
* * * LOW HITPOINT WARNING * * *
You feel sick.
It was a potion of haste.
You feel yourself speed up.
You die...

... .≈ .≈ .# ## .# !
###.# ## #. ##...#
#...#.##....#
..P...)@....##
###%..###......##
##.#####.#..........
#..................>
#.......#...........
#.......##..........
#.......###.........
#.......# ###.#####
#.......# .#


There were no monsters in sight!

Vanquished Creatures
  3 gnolls (D:2)
  2 adders (D:2)
  3 giant cockroaches
  3 goblins (D:1)
  3 hobgoblins
  A kobold (D:1)
  A quokka (D:2)
  4 bats (D:1)
  A frilled lizard (D:2)
  6 rats
27 creatures vanquished.

Notes
Turn   | Place    | Note
-------+----------+-------------------------------------------
     0 | D:1      | Gerstahl the Demonspawn Monk began the quest for the Orb.
     0 | D:1      | Reached XP level 1. HP: 18/18 MP: 1/1
   470 | D:1      | Gained mutation: You are partially covered in molten scales. (AC +2) [demonic ancestry]
   470 | D:1      | Reached XP level 2. HP: 23/24 MP: 2/2
   965 | D:2      | Reached XP level 3. HP: 29/29 MP: 3/3
  1160 | D:2      | Gained mutation: When hurt, damage is shared between your health and your magic reserves. [demonic ancestry]
  1160 | D:2      | Reached XP level 4. HP: 6/37 MP: 4/4
  1162 | D:2      | Succumbed to a gnoll's poison

Vault maps used:
D:1:      scummos_arrival_checkerplants, st_stairs_4,
          hangedman_decor_peaks_small, minmay_octomino_e4
D:2:      lightli_temple_of_fire, elyvilon_altar_1

Skill      XL: |  1  2 |
---------------+-------+-----
Long Blades    | 3 |  3.4
Dodging        | 3 |  3.3
Fighting       | |  3.7
Stealth        | |  1.7

Action                   |  1- 3 |  4- 6 || total
-------------------------+-------+-------++-------
Melee: Falchion          |    84 |     1 ||    85
  Use: Potion            |     4 |     1 ||     5
 Stab: Sleeping          |     3 |       ||     3
  Eat: Chunk             |     1 |       ||     1
Armor: Robe              |    18 |       ||    18
       Leather armour    |    12 |       ||    12
Dodge: Dodged            |    79 |     2 ||    81
       Rpst.: Falchion   |    35 |       ||    35

Table legend:
 A = Spawn XP
 B = Non-spawn XP
 C = Spawn XP percentage of total XP
 D = Spawn monster count
 E = Non-spawn monster count
 F = Spawn count percentage of total count
 G = Total turns spent on level
                    A         B        C        D         E        F      G
               +---------+---------+-------+---------+---------+-------+---------
         Total |       0 |     104 |   0.0 |       0 |      27 |   0.0 |  1162
               +---------+---------+-------+---------+---------+-------+---------
           D:1 |       0 |      25 |   0.0 |       0 |      16 |   0.0 |   910
           D:2 |       0 |      79 |   0.0 |       0 |      11 |   0.0 |   252
               +---------+---------+-------+---------+---------+-------+---------
